 Dungeon Crawl Stone Soup version 0.27-a0-1347-gd8886f0a89 (webtiles) character file.

Game seed: 9104692783477488359

119 Sweetruy1997 the Chopper (level 5, -2/45 (46) HPs)
             Began as a Hill Orc Monk on June 27, 2021.
             Was a Believer of Beogh.
             Slain by a lemure (6 damage)
             ... led by Pikel
             ... on level 4 of the Dungeon.
             The game lasted 00:08:17 (3060 turns).

Sweetruy1997 the Chopper (Hill Orc Monk)            Turns: 3060, Time: 00:08:18

HP:   -2/45 (46)    AC: 16    Str: 14      XL:     5   Next: 3%
MP:   5/5           EV:  1    Int:  9 (10) God:    Beogh [**....]
Gold: 198           SH:  7    Dex: 14      Spells: 4/4 levels left

rFire    . . .     SeeInvis .   a - +0 hand axe
rCold    . . .     Faith    .   h - +0 kite shield
rNeg     . . .     Spirit   .   e - +0 plate armour
rPois    .         Reflect  .   (no helmet)
rElec    +         Harm     .   (no cloak)
rCorr    .         Rampage  .   (no gloves)
Will     .....                  (no boots)
Stlth    ..........             (no amulet)
HPRegen  1.15/turn              o - +4 ring of protection
MPRegen  0.09/turn              (no ring)

@: lightly drained
A: iridescent scales 1, deterioration 2, regeneration 1, electricity resistance
a: Renounce Religion, Smiting


You were on level 4 of the Dungeon.
You worshipped Beogh.
Beogh was pleased with you.
You visited 1 branch of the dungeon, and saw 4 of its levels.

You collected 198 gold pieces.

Inventory:

Hand Weapons
 a - a +0 hand axe (weapon)
Armour
 e - a +0 plate armour (worn)
 h - a +0 kite shield (worn)
Jewellery
 o - a +4 ring of protection (left hand)
Scrolls
 c - a scroll of teleportation {unknown}
 d - a scroll of magic mapping
 n - 4 scrolls of fog {unknown}
Potions
 b - a potion of attraction {unknown}
 f - a potion of degeneration {unknown}
 g - 3 potions of curing
 i - 3 potions of flight
 j - a potion of invisibility {unknown}
 k - a potion of brilliance {unknown}
 l - a potion of resistance {unknown}
 m - a potion of might {unknown}


   Skills:
 - Level 4.0 Fighting
 + Level 5.8 Axes
 - Level 2.0 Armour
 + Level 2.7 Dodging
 - Level 2.0 Stealth
 + Level 0.5 Shields


You had 4 spell levels left.
You didn't know any spells.
Your spell library contained the following spells:

 Spells                   Type           Power      Damage    Failure   Level
 Summon Small Mammal      Summ           0%         N/A       100%        1
 Call Imp                 Summ           0%         N/A       100%        2
 Call Canine Familiar     Summ           0%         N/A       100%        3
 Summon Guardian Golem    Hex/Summ       0%         N/A       100%        3
 Summon Ice Beast         Ice/Summ       0%         N/A       100%        4
 Summon Lightning Spire   Summ/Air       0%         N/A       100%        4


Dungeon Overview and Level Annotations

Branches:
Dungeon (4/15)             Temple (0/1) D:4

Altars:
Cheibriados
Trog
Yredelemnul

Annotations:
D:4 Dowan, Duvessa, Pikel


Innate Abilities, Weirdness & Mutations

You are partially covered in iridescent scales. (AC +2)
Your body often deteriorates upon taking damage.
Your natural rate of healing is unusually fast.
You are resistant to electric shocks. (rElec)


Message History

The ogre hits you with a +0 giant club! The lemure hits you but does no damage.
Pikel completely misses you.
The quokka bites you but does no damage.
The ogre hits you with a +0 giant club. The lemure hits you but does no damage.
Found a chain mail.
You see here a scroll labelled CIMAUGGI FIXU.
Your plate armour prevents you from hitting Pikel.
You hit the quokka. You hit the ogre but do no damage. You hit the lemure.
The quokka completely misses you. You block Pikel's attack.
The ogre hits you with a +0 giant club! The lemure hits you.
* * * LOW HITPOINT WARNING * * *
The quokka twitches its whiskers.
The quokka bites you but does no damage.
Pikel hits you with a +0 whip of flaming.
* * * LOW HITPOINT WARNING * * *
Pikel burns you.
* * * LOW HITPOINT WARNING * * *
Unknown command.
You hit Pikel but do no damage. You closely miss the lemure.
You hit the lemure but do no damage. You hit the ogre but do no damage.
You closely miss the quokka.
The quokka bites you but does no damage.
The lemure hits you.
* * * LOW HITPOINT WARNING * * *
The lemure hits you but does no damage. Pikel hits you but does no damage.
The ogre hits you with a +0 giant club.
* * * LOW HITPOINT WARNING * * *
An ogre comes into view. It is wielding a +0 giant spiked club.
You block the lemure's attack.
The ogre shouts!
The quokka twitches its whiskers.
The lemure hits you but does no damage. You block Pikel's attack.
Unknown command.
You hit Pikel.
Pikel is lightly wounded.
You hit the lemure but do no damage. You completely miss the lemure.
You hit the lemure. x2; You closely miss the quokka.
The quokka bites you but does no damage.
The lemure hits you.
You die...

#... #............
#...##............
#...##............
##...#......... ##
##....#.........
...##...............
....................
........5...........
......5@5...........
..O...5KrO.>........
#[..................
...................
..................#
..................
...o..............
.................#
................#


You could see Pikel, 2 ogres, 4 lemures, a quokka and a neutral orc priest
(wandering).

Vanquished Creatures
  Robin (D:3)
  2 adders
  A dart slug (D:3)
  3 orcs (D:3)
  4 bats
  5 endoplasms
  13 goblins
  14 hobgoblins
  8 jackals
  3 quokkas
  4 ball pythons
  2 frilled lizards
  7 kobolds
  6 rats
73 creatures vanquished.

Vanquished Creatures (others)
  4 plants (D:1)
4 creatures vanquished.

Grand Total: 77 creatures vanquished

Notes
Turn   | Place    | Note
-------+----------+-------------------------------------------
     0 | D:1      | Sweetruy1997 the Hill Orc Monk began the quest for the Orb.
     0 | D:1      | Reached XP level 1. HP: 19/19 MP: 1/1
   259 | D:1      | Reached XP level 2. HP: 25/27 MP: 2/2
   717 | D:1      | Found a faded altar of an unknown god.
  1301 | D:2      | Reached XP level 3. HP: 28/33 MP: 3/3
  1816 | D:2      | Found a basalt altar of Yredelemnul.
  1861 | D:2      | Reached skill level 1 in Armour
  2170 | D:2      | Gained mutation: You are resistant to electric shocks.
                  | (rElec) [potion of mutation]
  2171 | D:2      | Gained mutation: Your body sometimes deteriorates upon
                  | taking damage. [potion of mutation]
  2171 | D:2      | Gained mutation: Your body often deteriorates upon taking
                  | damage. [potion of mutation]
  2171 | D:2      | Gained mutation: Your natural rate of healing is unusually
                  | fast. [potion of mutation]
  2171 | D:2      | Gained mutation: You are partially covered in iridescent
                  | scales. (AC +2) [potion of mutation]
  2247 | D:3      | Reached skill level 5 in Axes
  2247 | D:3      | Reached XP level 4. HP: 34/35 MP: 4/4
  2307 | D:3      | Found a bloodstained altar of Trog.
  2715 | D:3      | Found a snail-covered altar of Cheibriados.
  2759 | D:4      | Noticed Robin
  2770 | D:3      | Killed Robin
  2886 | D:4      | Noticed Duvessa
  2886 | D:4      | Noticed Dowan
  2928 | D:3      | Reached XP level 5. HP: 45/45 MP: 5/5
  3042 | D:4      | Found a staircase to the Ecumenical Temple.
  3045 | D:4      | Became a worshipper of Beogh the Brigand
  3045 | D:4      | Reached * piety under Beogh
  3045 | D:4      | Reached ** piety under Beogh
  3049 | D:4      | Noticed a lemure
  3051 | D:4      | Noticed Pikel
  3051 | D:4      | Noticed an ogre
  3053 | D:4      | Noticed a lemure
  3054 | D:4      | Noticed a lemure
  3055 | D:4      | Noticed a lemure
  3058 | D:4      | HP: 2/45 [lemure[Pikel] (3)]
  3058 | D:4      | Noticed an ogre
  3060 | D:4      | Slain by a lemure

Illustrated notes

Levels and vault maps discovered:
D:1:      scummos_arrival_simple_fountains, layout_loops_corners,
          basic_ecumenical_altar, chequers_big_river
D:2:      wander_river, layout_basic, basic_altar, minmay_tetromino_t4
D:3:      cheibrodos_greedy_goblins, layout_rooms, bloody_trog,
          marbit_many_paths, kennysheep_generic_room_5
D:4:      layout_layer_cave, minmay_temple_entry_proselytizer,
          ebering_ghost_disaster_area, serial_shops, kennysheep_mini_moat,
          nicolae_inconvenience_store, lightli_corner_chamber, uniq_pikel,
          uniq_robin, uniq_duvessa

Skill      XL: |  1  2  3  4 |
---------------+-------------+-----
Fighting       | 4 |  4.0
Armour         | 1 2 |  2.0
Axes           | 5 |  5.8
Stealth        | 2 |  2.0
Dodging        | |  2.7
Shields        | |  0.5

Action                   |  1- 3 |  4- 6 || total
-------------------------+-------+-------++-------
Melee: Hand axe          |   146 |   119 ||   265
Invok: Convert to Beogh  |       |     1 ||     1
  Use: Scroll            |     4 |     1 ||     5
       Potion            |     2 |       ||     2
 Stab: Sleeping          |     3 |       ||     3
Armor: Robe              |     8 |       ||     8
       Plate armour      |   104 |   139 ||   243
Dodge: Dodged            |    46 |    10 ||    56
Block: Kite shield       |       |    46 ||    46

Table legend: (Time is in decaauts)
 A = Elapsed time spent in this place.
 B = Non-inter-level travel time spent in this place.
 C = Inter-level travel time spent in this place.
 D = Time resting spent in this place.
 E = Time spent auto-exploring this place.
 F = Levels seen in this place.
 G = Mean time per level.
                   A        B        C        D        E       F      G
               +--------+--------+--------+--------+--------+-----+--------+
         Total |   3136 |   3007 |    129 |    238 |   2158 |   4 |  784.0 |
       Dungeon |   3136 |   3007 |    129 |    238 |   2158 |   4 |  784.0 |
               +--------+--------+--------+--------+--------+-----+--------+

Top non-repeatable levels by time:
     D:1: 1323 daAuts
     D:2: 903 daAuts
     D:3: 776 daAuts
     D:4: 132 daAuts
